MLB
LAS VEGAS ATHLETICS @ DETROIT TIGERS
06/01/2068
 
TOP OF THE 1ST
Las Vegas Athletics batting - Pitching for Detroit Tigers : RHP Zane Gilbert
Pitching: RHP Zane Gilbert
Batting: LHB Doug Melton 0-0: Ground out 4-3 (Groundball, 4, EV 85.0 MPH)
Batting: SHB Maverick Carter 0-0: Called Strike
0-1: Called Strike
0-2: Strikes out looking
Batting: LHB Manny Mateo 0-0: Called Strike
0-1: Ball
1-1: Called Strike
1-2: Fly out, F8 (Flyball, 8RXD, EV 99.4 MPH)
Top of the 1st over - 0 runs, 0 hits, 0 errors, 0 left on base; Las Vegas 0 - Detroit 0
BOTTOM OF THE 1ST
Detroit Tigers batting - Pitching for Las Vegas Athletics : RHP Don William
Pitching: RHP Don William
Batting: SHB Del Beasley 0-0: Ball
1-0: Ball
2-0: Called Strike
2-1: Ball
3-1: SINGLE (Groundball, 23, EV 67.5 MPH) (infield hit)
Batting: RHB Roger Dorn 0-0: Ball
1-0: Called Strike
1-1: Grounds into double play, 5-4-3 (Groundball, 56, EV 89.4 MPH)
Batting: LHB Edward Aldrin 0-0: Ball
1-0: Foul Ball, location: 3SF
1-1: Ball
2-1: Ground out 5-3 (Groundball, 56, EV 101.3 MPH)
Bottom of the 1st over - 0 runs, 1 hit, 0 errors, 0 left on base; Las Vegas 0 - Detroit 0
TOP OF THE 2ND
Las Vegas Athletics batting - Pitching for Detroit Tigers : RHP Zane Gilbert
Batting: RHB Shohei Ohtani 0-0: Ball
1-0: Swinging Strike
1-1: Foul Ball, location: 9LMF
1-2: Ball
2-2: Strikes out swinging
Batting: RHB Donnie Ellis 0-0: Ground out 6-3 (Groundball, P, EV 79.4 MPH)
Batting: RHB Mendy Lewis 0-0: SINGLE (Line Drive, 89S, EV 94.4 MPH)
Batting: RHB Brad Brewster 0-0: Ball
1-0: Called Strike
1-1: Ball
2-1: Foul Ball, location: 3F
2-2: Strikes out swinging
Top of the 2nd over - 0 runs, 1 hit, 0 errors, 1 left on base; Las Vegas 0 - Detroit 0
BOTTOM OF THE 2ND
Detroit Tigers batting - Pitching for Las Vegas Athletics : RHP Don William
Batting: RHB Tony Ríos 0-0: Ball
1-0: Ground out 6-3 (Groundball, 6, EV 80.6 MPH)
Batting: LHB John Shortall 0-0: Foul Ball, location: 7LMFF
0-1: Foul Ball, location: 7LDF
0-2: Ball
1-2: Foul Ball, location: 2F
1-2: Ball
2-2: Ground out 4-3 (Groundball, 4, EV 100.6 MPH)
Batting: RHB Carlos Soto 0-0: Ground out 4-3 (Groundball, 4M, EV 83.8 MPH)
Bottom of the 2nd over - 0 runs, 0 hits, 0 errors, 0 left on base; Las Vegas 0 - Detroit 0
TOP OF THE 3RD
Las Vegas Athletics batting - Pitching for Detroit Tigers : RHP Zane Gilbert
Batting: LHB Robby McIntyre 0-0: Ground out U3 (Groundball, 3, EV 100.6 MPH)
Batting: SHB Jed Nolan 0-0: Ball
1-0: Called Strike
1-1: Foul Ball, location: 3FF
1-2: Foul Ball, location: 2F
1-2: Strikes out swinging
Batting: LHB Doug Melton 0-0: Fly out, F7 (Line Drive, 7, EV 105.0 MPH)
Top of the 3rd over - 0 runs, 0 hits, 0 errors, 0 left on base; Las Vegas 0 - Detroit 0
BOTTOM OF THE 3RD
Detroit Tigers batting - Pitching for Las Vegas Athletics : RHP Don William
Batting: RHB Zane Gilbert 0-0: Swinging Strike
0-1: Ball
1-1: Ball
2-1: Swinging Strike
2-2: Foul Ball, location: 2F
2-2: Strikes out looking
Batting: LHB Deron Williams 0-0: Called Strike
0-1: Fly out, F3 (Popup, 3S, EV 71.9 MPH)
Batting: RHB Manuel Cruz 0-0: Called Strike
0-1: Ball
1-1: Ball
2-1: Foul Ball, location: 25F
2-2: Foul Ball, location: 9LMF
2-2: Ball
3-2: Base on Balls
Batting: SHB Del Beasley 0-0: Ball
Manuel Cruz steals 2nd base (no throw)
1-0: Called Strike
1-1: Foul Ball, location: 5F
1-2: Strikes out looking
Bottom of the 3rd over - 0 runs, 0 hits, 0 errors, 1 left on base; Las Vegas 0 - Detroit 0
TOP OF THE 4TH
Las Vegas Athletics batting - Pitching for Detroit Tigers : RHP Zane Gilbert
Batting: SHB Maverick Carter 0-0: Called Strike
0-1: Foul Ball, location: 7LMF
0-2: Strikes out swinging
Batting: LHB Manny Mateo 0-0: Ball
1-0: Called Strike
1-1: Foul Ball, location: 2F
1-2: Ball
2-2: Foul Ball, location: 23F
2-2: Strikes out swinging
Batting: RHB Shohei Ohtani 0-0: Ball
1-0: Called Strike
1-1: Ball
2-1: Ball
3-1: Fly out, F7 (Line Drive, 78M, EV 96.9 MPH)
Top of the 4th over - 0 runs, 0 hits, 0 errors, 0 left on base; Las Vegas 0 - Detroit 0
BOTTOM OF THE 4TH
Detroit Tigers batting - Pitching for Las Vegas Athletics : RHP Don William
Batting: RHB Roger Dorn 0-0: Foul Ball, location: 5SF
0-1: Foul Ball, location: 2F
0-2: Ball
1-2: Ball
2-2: Foul Ball, location: 9LSF
2-2: SINGLE (Groundball, 4D, EV 95.0 MPH)
Batting: LHB Edward Aldrin 0-0: Ball
1-0: Foul Ball, location: 7LDF
1-1: Ball
2-1: Ball
3-1: Called Strike
3-2: Foul Ball, location: 7LDF
3-2: Foul Ball, location: 25F
3-2: Base on Balls
Roger Dorn to second
Batting: RHB Tony Ríos 0-0: Swinging Strike
0-1: Foul Ball, location: 2F
0-2: Ball
1-2: Ball
2-2: Ball
3-2: Fly out, F6 (Popup, 6M, EV 60.6 MPH)
Batting: LHB John Shortall 0-0: Ball
1-0: Swinging Strike
1-1: Ball
2-1: Ball
3-1: Foul Ball, location: 2F
3-2: Strikes out swinging
Batting: RHB Carlos Soto 0-0: Ball
1-0: Called Strike
1-1: Ball
2-1: Swinging Strike
2-2: Ball
3-2: Foul Ball, location: 9LDF
3-2: Base on Balls
Roger Dorn to third
Edward Aldrin to second
Batting: RHB Zane Gilbert 0-0: Fielders Choice at 2nd, 4-6 (Groundball, 4MD, EV 103.8 MPH)
Bottom of the 4th over - 0 runs, 1 hit, 0 errors, 3 left on base; Las Vegas 0 - Detroit 0
TOP OF THE 5TH
Las Vegas Athletics batting - Pitching for Detroit Tigers : RHP Zane Gilbert
Batting: RHB Donnie Ellis 0-0: Foul Ball, location: 2F
0-1: DOUBLE (Flyball, 89XD, EV 103.1 MPH)
Batting: RHB Mendy Lewis 0-0: Ground out 5-3 (Groundball, 56, EV 96.3 MPH)
Batting: RHB Brad Brewster 0-0: Ball
1-0: Called Strike
1-1: Foul Ball, location: 2F
1-2: Strikes out swinging
Batting: LHB Robby McIntyre 0-0: Foul Ball, location: 2F
0-1: Foul Ball, location: 2F
0-2: Foul Ball, location: 7LDF
0-2: Strikes out swinging
Top of the 5th over - 0 runs, 1 hit, 0 errors, 1 left on base; Las Vegas 0 - Detroit 0
BOTTOM OF THE 5TH
Detroit Tigers batting - Pitching for Las Vegas Athletics : RHP Don William
Batting: LHB Deron Williams 0-0: Ball
1-0: Ball
2-0: Ball
3-0: Called Strike
3-1: Base on Balls
Batting: RHB Manuel Cruz 0-0: SINGLE (Line Drive, 4MD, EV 108.1 MPH)
Deron Williams to second
Batting: SHB Del Beasley 0-0: Called Strike
0-1: Called Strike
0-2: Foul Ball, location: 9LMF
0-2: Fielders Choice at 2nd, 4-6 (Groundball, 4, EV 81.9 MPH)
Deron Williams to third
Batting: RHB Roger Dorn 0-0: Fly out, F8 (Flyball, 8RXD, EV 100.6 MPH)
Runner from 3rd tags up, SCORES, no throw by CF
Batting: LHB Edward Aldrin 0-0: Ball
1-0: Foul Ball, location: 2F
1-1: Swinging Strike
1-2: Strikes out swinging
Bottom of the 5th over - 1 run, 1 hit, 0 errors, 1 left on base; Las Vegas 0 - Detroit 1
TOP OF THE 6TH
Las Vegas Athletics batting - Pitching for Detroit Tigers : RHP Zane Gilbert
Batting: SHB Jed Nolan 0-0: Ball
1-0: Called Strike
1-1: Ball
2-1: Foul Ball, location: 2F
2-2: Strikes out swinging, 2-3 out at first.
Batting: LHB Doug Melton 0-0: Ball
1-0: Ball
2-0: Called Strike
2-1: Foul Ball, location: 7LSF
2-2: Ground out 5-3 (Groundball, 56, EV 86.9 MPH)
Batting: SHB Maverick Carter 0-0: Ball
1-0: Ground out 4-3 (Groundball, 34, EV 98.1 MPH)
Top of the 6th over - 0 runs, 0 hits, 0 errors, 0 left on base; Las Vegas 0 - Detroit 1
BOTTOM OF THE 6TH
Detroit Tigers batting - Pitching for Las Vegas Athletics : RHP Don William
Batting: RHB Tony Ríos 0-0: Ball
1-0: Ball
2-0: Called Strike
2-1: SINGLE (Groundball, 34D, EV 98.1 MPH)
Pitching: RHP Sixto Sexton
Batting: LHB John Shortall 0-0: Called Strike
0-1: Ball
1-1: Foul Ball, location: 2F
1-2: Foul Ball, location: 2F
1-2: Foul Ball, location: 9LDF
1-2: Foul Ball, location: 7LSF
1-2: Foul Ball, location: 2F
1-2: Grounds into double play, 4-6-3 (Groundball, 4, EV 104.4 MPH)
Batting: RHB Carlos Soto 0-0: Ball
1-0: Foul Ball, location: 2F
1-1: Foul Ball, location: 2F
1-2: Foul Ball, location: 2F
1-2: Ball
2-2: SINGLE (Line Drive, 5D, EV 68.1 MPH)
Batting: RHB Zane Gilbert 0-0: Foul Ball, location: 2F
0-1: Fly out, F3 (Popup, 3SF, EV 76.3 MPH)
Bottom of the 6th over - 0 runs, 2 hits, 0 errors, 1 left on base; Las Vegas 0 - Detroit 1
TOP OF THE 7TH
Las Vegas Athletics batting - Pitching for Detroit Tigers : RHP Zane Gilbert
Batting: LHB Manny Mateo 0-0: Ball
1-0: Swinging Strike
1-1: Swinging Strike
1-2: Foul Ball, location: 2F
1-2: Foul Ball, location: 2F
1-2: Foul Ball, location: 2F
1-2: Foul Ball, location: 7LMF
1-2: Strikes out swinging
Batting: RHB Shohei Ohtani 0-0: Called Strike
0-1: Foul Ball, location: 7LDF
0-2: Ground out 5-3 (Groundball, 56S, EV 88.1 MPH)
Batting: RHB Donnie Ellis 0-0: Ball
1-0: Fly out, F6 (Flyball, 6MD, EV 85.0 MPH)
Top of the 7th over - 0 runs, 0 hits, 0 errors, 0 left on base; Las Vegas 0 - Detroit 1
BOTTOM OF THE 7TH
Detroit Tigers batting - Pitching for Las Vegas Athletics : RHP Sixto Sexton
Pitching: RHP Jerry Hale
Batting: LHB Deron Williams 0-0: Called Strike
0-1: Ball
1-1: Foul Ball, location: 2RF
1-2: Strikes out looking
Batting: RHB Manuel Cruz 0-0: Called Strike
0-1: Swinging Strike
0-2: Foul Ball, location: 2F
0-2: Strikes out looking
Batting: SHB Del Beasley 0-0: Foul Ball, location: 2F
0-1: Ball
1-1: Foul Ball, location: 7LSF
1-2: Ball
2-2: Ground out 6-3 (Groundball, 56, EV 80.6 MPH)
Bottom of the 7th over - 0 runs, 0 hits, 0 errors, 0 left on base; Las Vegas 0 - Detroit 1
TOP OF THE 8TH
Las Vegas Athletics batting - Pitching for Detroit Tigers : RHP Zane Gilbert
Batting: RHB Mendy Lewis 0-0: Foul Ball, location: 5DF
0-1: Foul Ball, location: 9LSF
0-2: Ball
1-2: Ball
2-2: Foul Ball, location: 7LMF
2-2: Strikes out looking
Batting: RHB Brad Brewster 0-0: Swinging Strike
0-1: Ball
1-1: Fly out, F3 (Popup, 3F, EV 67.5 MPH)
Batting: LHB Robby McIntyre 0-0: Foul Ball, location: 7LDF
0-1: Called Strike
0-2: Ball
1-2: Ball
2-2: Ball
3-2: Strikes out swinging
Top of the 8th over - 0 runs, 0 hits, 0 errors, 0 left on base; Las Vegas 0 - Detroit 1
BOTTOM OF THE 8TH
Detroit Tigers batting - Pitching for Las Vegas Athletics : RHP Jerry Hale
Pitching: RHP Bill Gilmour
Batting: RHB Roger Dorn 0-0: Swinging Strike
0-1: Foul Ball, location: 5FF
0-2: Strikes out swinging
Batting: LHB Edward Aldrin 0-0: Ball
1-0: Ball
2-0: Called Strike
2-1: Swinging Strike
2-2: Ball
3-2: Base on Balls
Batting: RHB Tony Ríos 0-0: Foul Ball, location: 9LDF
0-1: Fly out, F7 (Flyball, 78M, EV 96.9 MPH)
Batting: LHB John Shortall 0-0: Called Strike
0-1: Called Strike
0-2: Ball
1-2: Ball
2-2: Strikes out swinging
Bottom of the 8th over - 0 runs, 0 hits, 0 errors, 1 left on base; Las Vegas 0 - Detroit 1
TOP OF THE 9TH
Las Vegas Athletics batting - Pitching for Detroit Tigers : RHP Zane Gilbert
Pitching: RHP Daimajin Sasaki
Batting: SHB Jed Nolan 0-0: DOUBLE (Line Drive, 5D, EV 104.4 MPH)
Batting: LHB Doug Melton 0-0: Foul Ball, location: 7LDF
0-1: Ball
1-1: SINGLE (Line Drive, 9S, EV 103.8 MPH)
Jed Nolan to third
Batting: SHB Maverick Carter 0-0: Foul Ball, location: 2F
0-1: Foul Ball, location: 5DF
0-2: Ball
Doug Melton steals 2nd base
1-2: Ball
2-2: Ball
3-2: Base on Balls
Batting: LHB Manny Mateo 0-0: Swinging Strike
0-1: Ball
1-1: Ball
2-1: Ball
3-1: Foul Ball, location: 25FF
3-2: Strikes out swinging
Batting: RHB Shohei Ohtani 0-0: Ball
1-0: Foul Ball, location: 2F
1-1: Called Strike
1-2: Strikes out swinging
Batting: RHB Donnie Ellis 0-0: Swinging Strike
0-1: Swinging Strike
0-2: Strikes out looking
Top of the 9th over - 0 runs, 2 hits, 0 errors, 3 left on base; Las Vegas 0 - Detroit 1
Wednesday, March 13th , 2024 - OOTP Baseball 24.11 Build 85